 Dungeon Crawl Stone Soup version 0.22-a0-469-gf26638a71f (webtiles) character file.

135 Kriby the Skirmisher (level 5, -1/41 HPs)
             Began as a Human Abyssal Knight on June 13, 2018.
             Was a Believer of Lugonu.
             Slain by an adder (2 damage)
             ... on level 3 of the Dungeon.
             The game lasted 00:03:16 (2984 turns).

Kriby the Skirmisher (Human Abyssal Knight)         Turns: 2984, Time: 00:03:17

Health: -1/41      AC:  7    Str: 13    XL:     5   Next: 42%
Magic:  7/7        EV: 11    Int: 13    God:    Lugonu [**....]
Gold:   110        SH:  0    Dex: 12    Spells: 4/4 levels left

rFire    + . .     SeeInvis .   a - +1 hand axe
rCold    . . .     Gourm    .   (no shield)
rNeg     . . .     Faith    .   m - +0 ring mail {rF+}
rPois    .         Spirit   .   (no helmet)
rElec    .         Reflect  .   p - +0 cloak (curse)
rCorr    .         Harm     .   f - +0 pair of gloves
MR       .....                  (no boots)
Stlth    +.........             (no amulet)
HPRegen  0.13/turn              (no ring)
MPRegen  0.10/turn              (no ring)

@: lethally poisoned (-1 -> -5)
A: no striking features
a: Depart the Abyss, Bend Space, Renounce Religion


You were on level 3 of the Dungeon.
You worshipped Lugonu.
Lugonu was pleased with you.
You were hungry.

You visited 1 branch of the dungeon, and saw 3 of its levels.
You visited the Abyss 1 time.

You collected 110 gold pieces.

Inventory:

Hand Weapons
 a - a +1 hand axe (weapon)
Armour
 b - a +0 leather armour
 d - a +0 scale mail
 f - a +0 pair of gloves (worn)
 i - a +0 chain mail
 m - a +0 ring mail of fire resistance (worn)
 p - a cursed +0 cloak (worn)
Jewellery
 r - an uncursed amulet of the gourmand {unknown}
 s - an uncursed ring of protection from cold {unknown}
 t - an uncursed ring of positive energy {unknown}
Scrolls
 e - 3 scrolls of teleportation {unknown}
 g - 4 scrolls of identify {unknown}
 k - a scroll of enchant armour {unknown}
 l - a scroll of enchant weapon {unknown}
 q - 2 scrolls of blinking {unknown}
Comestibles
 c - 3 rations {@e1}


   Skills:
 + Level 3.5 Fighting
 * Level 3.4 Axes
 + Level 2.6 Armour
 + Level 2.0 Dodging
 + Level 2.8 Invocations


You had 4 spell levels left.
You didn't know any spells.
Your spell library was empty.

Dungeon Overview and Level Annotations

Branches:
Dungeon (3/15)

Altars:
Elyvilon
Fedhas
Makhleb
Vehumet

Annotations:
D:3 Arvy's ghost, amateur DsWn


Message History

The adder bites you.
* * * LOW HITPOINT WARNING * * *
You are lethally poisoned!
The adder poisons you! The adder bites you but does no damage.
You hit the adder.
The adder is heavily wounded.
* * * LOW HITPOINT WARNING * * *
You feel sick. The adder bites you but does no damage.
You hit the adder but do no damage.
The adder is heavily wounded.
The adder bites you but does no damage. The adder closely misses you.
You closely miss the adder.
The adder is heavily wounded.
* * * LOW HITPOINT WARNING * * *
You feel sick. The adder bites you but does no damage.
Your ring mail prevents you from hitting the adder.
The adder is heavily wounded.
* * * LOW HITPOINT WARNING * * *
You feel sick. The adder barely misses you. The adder bites you.
You die...

########
#############.......
#.((....<.....######
#.#(########.##
#.#.# #.# #.#(# #.#
#.#@# #.# #.#S#
#.####### .....
#........ .....%
#..###### .......
#..# ....>.... #..#
#........[. ...#
#.........#####.#
#.#


You could see an adder.

Vanquished Creatures
  8 adders
  2 worms (D:2)
  4 dart slugs
  An orc (D:3)
  A ball python (D:1)
  2 giant cockroaches
  4 goblins
  9 hobgoblins
  5 bats
  2 frilled lizards
  10 kobolds
  5 rats
53 creatures vanquished.

Notes
Turn   | Place    | Note
-------+----------+-------------------------------------------
     0 | Abyss:1  | Kriby the Human Abyssal Knight began the quest for the Orb.
     0 | Abyss:1  | Reached XP level 1. HP: 18/18 MP: 2/2
    37 | Abyss:1  | Noticed a tentacled starspawn
    41 | Abyss:1  | Noticed a neqoxec
    51 | Abyss:1  | Noticed a large abomination
    53 | D:1      | Escaped the Abyss
    64 | D:1      | Reached * piety under Lugonu
   419 | D:1      | Reached XP level 2. HP: 16/24 MP: 3/3
   826 | D:1      | Reached XP level 3. HP: 29/29 MP: 4/4
  1157 | D:2      | Found a blossoming altar of Fedhas.
  1271 | D:2      | Reached XP level 4. HP: 33/35 MP: 5/5
  1462 | D:2      | Found a radiant altar of Vehumet.
  1463 | D:2      | Found a burning altar of Makhleb.
  2229 | D:3      | Reached XP level 5. HP: 35/41 MP: 7/7
  2566 | D:3      | Found a white marble altar of Elyvilon.
  2716 | D:3      | Noticed Arvy's ghost (amateur DsWn)
  2969 | D:3      | Reached ** piety under Lugonu
  2981 | D:3      | HP: 2/41 [poisoned by an adder]
  2984 | D:3      | Slain by an adder

Vault maps used:
D:1:      minmay_arrival_four_loops, minmay_misc_feat_tower
D:2:      minitemple, fedhas_altar_1
D:3:      lemuel_doored_altar
Abyss:1:  minivault_25

Skill      XL: |  1  2  3  4  5 |
---------------+----------------+-----
Axes           | 3 |  3.4
Dodging        | 2 |  2.0
Fighting       | |  3.5
Armour         | |  2.6
Invocations    | |  2.8

Action                   |  1- 3 |  4- 6 || total
-------------------------+-------+-------++-------
Melee: Hand axe          |    61 |   137 ||   198
Invok: Depart the Abyss  |     1 |       ||     1
  Use: Potion            |       |     4 ||     4
  Eat: Chunk             |     1 |     5 ||     6
Armor: Leather armour    |    14 |       ||    14
       Chain mail        |     6 |       ||     6
       Ring mail         |    16 |    73 ||    89
Dodge: Dodged            |    32 |    80 ||   112

Table legend:
 A = Spawn XP
 B = Non-spawn XP
 C = Spawn XP percentage of total XP
 D = Spawn monster count
 E = Non-spawn monster count
 F = Spawn count percentage of total count
 G = Total turns spent on level
                    A         B        C        D         E        F      G
               +---------+---------+-------+---------+---------+-------+---------
         Total |       0 |     194 |   0.0 |       0 |      53 |   0.0 |  2984
               +---------+---------+-------+---------+---------+-------+---------
           D:1 |       0 |      30 |   0.0 |       0 |      16 |   0.0 |  1100
           D:2 |       0 |      97 |   0.0 |       0 |      20 |   0.0 |  1134
           D:3 |       0 |      67 |   0.0 |       0 |      17 |   0.0 |   697
               +---------+---------+-------+---------+---------+-------+---------
